Robert, lawful female human Knight ----------- ---- ---- --- |.........| |.. .. .| |.<.......| |.- ---------- -..- -.| |.........+ ##..| ...|....| +.n| |. |.........| # |.| ...|... |..+ |.| -+--+-.----#### |.--+------...|+- |..| |.| # % ## |......|==| ..|.| |%.-----.| ##)#### |.----.|..--|--.| |.@o.%...| #) ## |.|..-.-|--..{..-+-- |)------.| ### |.|..|.............-+--.-....|.| |.|---|---.----+--......|..*.|.| |.| |.+ ---|--------|.| . .| |.| .. |.#|%%.-.| .. |.| |.---- |....|. |%%.|.| .. |.-+------..{.---------|------.| ... |..............................| ---- -------------------------------- Robert the Bachelor Experience level: 6 Strength: 16 Dexterity: 8 Constitution: 11 Intelligence: 8 Wisdom: 15 Charisma: 17 Health: 30(56) Energy: 64(64) Def: 7 Gold: 188 Moves: 2058 Dungeon seed: RRP3c-7jyr27OjyR Game ID: Robert_1493078252 Your Inventory: Coins $ - 188 gold pieces Weapons a - a rusty +1 long sword (weapon in hand) b - a blessed +1 lance Armor e - an uncursed +1 ring mail (being worn) n - an uncursed +0 helmet (being worn) q - an uncursed +0 small shield (being worn) r - an uncursed +0 pair of leather gloves (being worn) Comestibles d - 12 uncursed apples Potions w - an uncursed potion of healing Wands c - a wand of undead turning (0:8) Gems Y - an uncursed turquoise Spells and supernatural/magical abilities: Name Level Category Fail Memory W - pray for help -- divine ? -- X - turn undead -- divine ? -- Y - supernatural jump -- ability ? -- Your skills at the end: Miscellaneous Skills shield [Basic] wands [Basic] riding [Basic] Weapon Skills long sword [Skilled] saber [Basic] Spellcasting Skills Final Attributes: You were fervently aligned. Your writing hand was cramped from overuse. You could jump. You were lucky. You survived. Vanquished creatures: a gnome king a bugbear 3 Mordor orcs 7 Uruk-hai 6 gnome lords 3 gnomish wizards 3 dwarves an iguana 6 monkeys a gecko 34 gnomes a gnome zombie 7 jackals a newt a goblin a sewer rat 4 grid bugs a lichen 82 creatures vanquished. Voluntary challenges: You did not adorn yourself with jewelry or accessories. You did not cause conflict. You were not invisible. You did not have reflection. You were not displaced. You had been an atheist until turn 2018. You used a wielded weapon 124 times, starting on turn 2. You did not apply a unicorn horn. You did not use plumbed fixtures. You did not drink any magical draughts. You read items or engraved 3 times, starting on turn 131. You never genocided any monsters. You never polymorphed an object. You never changed form. You used no wishes. You never split a pudding. You wrote Elbereth's name 3 times, starting on turn 131. You violated your moral code, losing 1 point of alignment, starting on turn 1194. Dungeon overview: The Dungeons of Doom: levels 1 to 3 Level 1 a fountain a long staircase Level 2 stairs to The Gnomish Mines Level 3 The Gnomish Mines: levels 3 to 6 Level 3 stairs to The Dungeons of Doom Level 4 Level 5 Level 6 <- You were here some shops, a temple to Lugh, some fountains, a sink History has recorded: On T:1 you entered the Dungeons of Doom to retrieve the Amulet of Yendor! On T:88 you reached level 2 of The Dungeons of Doom. On T:450 you reached level 3 of The Dungeons of Doom. On T:563 you reached level 1 of The Gnomish Mines. On T:722 you advanced to experience level 2. On T:726 you advanced to experience level 3. On T:816 you advanced to experience level 4. On T:946 you reached level 2 of The Gnomish Mines. On T:1015 you advanced to experience level 5. On T:1139 you reached level 3 of The Gnomish Mines. On T:1300 you advanced to experience level 6. On T:1806 you reached level 4 of The Gnomish Mines. On T:2013 you entered the Minetown temple Score breakdown: Gold: 188 ( 18 points) Experience: 6 levels ( 500 points) Exploration: 6 levels ( 150 points) Discoveries: 5 items ( 250 points) Variety of kills: 18 monsters ( 900 points) Major goal: reached Minetown ( 500 points) Survival: quit (score multiplied by 3) Total score: 6954 Latest messages: The Mordor orc wields an orcish spear! The orcish spears weld themselves to the Mordor orc's hand! The Mordor orc wields an orcish spear! You hack the Mordor orc! The grid bug just misses! You kill the Mordor orc! The grid bug bites! You get zapped! The pony misses the grid bug. The pony bites the grid bug. The grid bug bites the pony. The pony gets zapped! The pony kicks the grid bug. The grid bug is killed! You hear water falling on coins. w - a purple-red potion. There are a few more objects here. The Mordor orc thrusts her orcish spear at the knight. The Mordor orc jabs you! You hack the Mordor orc! You kill the Mordor orc! You slash the Mordor orc. The wood nymph picks up a cursed scimitar. You slash the Mordor orc. The Mordor orc punches you! The wood nymph stole 6 uncursed carrots. Final status: Fare thee well Robert the Knight, committed trickery... You were tricked in The Gnomish Mines on dungeon level 6 with 6954 points, and 188 pieces of gold, after 2058 moves. You were level 6 with a maximum of 56 hit points when you were tricked.